 Dungeon Crawl Stone Soup version 0.31-a0-744-gbc345e7fcb (webtiles) character file.

Game seed: 10983694889422950261

27 Bravepunisher the Ducker (level 2, -6/16 HPs)
             Began as a Spriggan Monk on Sept 13, 2023.
             Mangled by a gnoll
             ... wielding a +0 spear
              (8 damage)
             ... on level 7 of the Dungeon.
             The game lasted 00:03:16 (1087 turns).

Bravepunisher the Ducker (Spriggan Monk)            Turns: 1087, Time: 00:03:17

Health: -6/16      AC:  2    Str:  7    XL:     2   Next: 93%
Magic:  3/3        EV: 19    Int: 11    God:
Gold:   83         SH:  0    Dex: 17    Spells: 1/1 levels left

rFire   + . .        a - +0 short sword
rCold   . . .        d - orb {light}
rNeg    . . .        j - +0 robe {rF+}
rPois   .            (helmet restricted)
rElec   .            (no cloak)
rCorr   .            (gloves unavailable)
SInv    +            (boots unavailable)
Will    .....        (no amulet)
Stlth   +            (no ring)
HPRegen 0.22/turn    (no ring)
MPRegen 0.08/turn

%: no passive effects
@: glowing, very quick
A: very small, no large weapons, unfitting armour, see invisible, speed 3
a: no special abilities


You were on level 7 of the Dungeon.
You visited 1 branch of the dungeon, and saw 7 of its levels.

You collected 83 gold pieces.

Inventory:

Hand Weapons
 a - a +0 short sword (weapon)
Armour
 d - an orb of light (worn)
 j - a +0 robe of fire resistance (worn)
Scrolls
 g - a scroll of identify {unknown}
 h - a scroll of revelation {unknown}
Potions
 b - 2 potions of mutation {unknown}
 c - a potion of ambrosia
 e - 2 potions of haste {unknown}
 f - a potion of enlightenment {unknown}
 i - a potion of cancellation {unknown}
 k - a potion of heal wounds {unknown}


   Skills:
 * Level 3.1 Fighting
 - Level 3.2 Short Blades
 + Level 4.6 Dodging


You had one spell level left.
You didn't know any spells.
Your spell library contained the following spells:

 Spells                   Type           Power      Damage    Failure   Level
 Inner Flame              Hex/Fire       0%         N/A       71%         3
 Yara's Violent Unravell  Hex/Tmut       0%         3d3       100%        5
 Enfeeble                 Hex            0%         N/A       100%        7


Dungeon Overview and Level Annotations

Branches:
Dungeon (7/15)
 Temple: D:4-7

Altars:


Innate Abilities, Weirdness & Mutations

You are very small and have problems with some larger weapons.
You are too small for most types of armour.
You have supernaturally acute eyesight. (SInv)
You cover ground extremely quickly. (Speed+++)


Message History

A jelly comes into view.
Found 7 gold pieces.
An ice beast comes into view.
Found a sedimented sapphire potion.
A hound comes into view.
Found a stone staircase leading up.
Found a stone staircase leading down.
Found 5 stones.
There is a stone staircase leading down here.
You climb downwards.
The orc shouts!
The orc priest shouts!
There is a stone staircase leading up here.
Found a stone staircase leading down.
Found a stone staircase leading down.
An iguana comes into view.
Found a scroll labelled IJUESA ARCHEA.
The iguana hisses angrily.
The orc priest calls down the wrath of Beogh upon you.
Beogh smites you!
Ouch!
That really hurt! 3 gnolls come into view.
A gnoll is .
The gnoll shouts! x2; You hear a shout! x3 2 gnolls and a gnoll bouda come into view.
The gnoll shouts!
You hear a shout! x3
A gnoll comes into view.
The gnoll shouts!
The gnoll hits you from afar with a +0 spear!
* * * LOW HITPOINT WARNING * * *
The gnoll bouda barks out a call to the hunt!
The gnolls pick up the pace!
The gnoll misses you.
The gnoll throws a stone.
The stone misses you.
Something unseen opens the large door.
Found an ivory ring.
A gnoll comes into view.
The gnoll hits you from afar with a +0 spear.
* * * LOW HITPOINT WARNING * * *
Found a book of Cantrips.
The gnoll closely misses you. The gnoll misses you.
The gnoll hits you from afar with a +0 spear!
Ouch! That really hurt!
You die...

#..###### ##..#
#..#....# ##.#
#..#....# #.#
#..#....#+ #..
#......... #..
#.g.g..... #..
#.ggg..g.. #..
#..#....#' #..
#@.#....# #..
#..#....# ##.o
#..###### ##...
#... #######....
#.... ...........
#..#=. .#.........
.:...##.......##..
....## ##.o....##.
#..o...<...


You could see 5 gnolls.

Vanquished Creatures
  4 bats (D:1)
  4 endoplasms
  3 goblins
  3 hobgoblins
  3 jackals
  A quokka (D:1)
  A frilled lizard (D:1)
  3 rats
22 creatures vanquished.

Notes
Turn   | Place    | Note
-------+----------+-------------------------------------------
     0 | D:1      | Bravepunisher the Spriggan Monk began the quest for the
                  | Orb.
     0 | D:1      | Reached XP level 1. HP: 11/11 MP: 2/2
   117 | D:1      | Reached XP level 2. HP: 14/16 MP: 3/3
   869 | D:5      | Entered Level 5 of the Dungeon
   935 | D:5      | Noticed a scorpion
  1003 | D:6      | Noticed a gnoll sergeant
  1007 | D:6      | Noticed an ice beast
  1087 | D:7      | Mangled by a gnoll

Illustrated notes

Levels and vault maps discovered:
D:1:      erik_arrival_cave_to_civilisation [erik_arrival_cave_to_hall],
          layout_loops_ring, palyth_stone_intersect
D:2:      layout_rooms
D:3:      minmay_general_purpose_star, layout_loops_cross,
          ebering_ecumenical_altar_petrified
D:4:      layout_loops_cross
D:5:      layout_basic, uniq_crazy_yiuf_cottage
D:6:      layout_cave_pods, minmay_temple_entry_waves, serial_column_ruins,
          column_ruins_hut_ruined, column_ruins_open_medium_water,
          column_ruins_open_medium, column_ruins_grid_1,
          column_ruins_open_small, uniq_grinder, uniq_pikel, uniq_jeremiah,
          uniq_maggie, uniq_eustachio
D:7:      layout_cave_pools, mainiacjoe_overflow_catwalk,
          mainiacjoe_overflow_swirl, serial_gnoll_camp, gnoll_camp_mini_hut,
          gnoll_camp_mini_basic, gnoll_camp_huts_moat, gnoll_camp_mini_shop,
          gnoll_camp_medium_02, gnoll_camp_mini_hut, minmay_misc_feat_room,
          uniq_prince_ribbit1

Skill      XL: |  1  2 |
---------------+-------+-----
Fighting       | 3 |  3.1
Short Blades   | |  3.2
Dodging        | |  4.6

Action                     || total
---------------------------++-------
  Melee: Short sword       ||    79
 Armour: Robe              ||    27
  Dodge: Dodged            ||    49

Table legend: (Time is in decaauts)
 A = Elapsed time spent in this place.
 B = Non-inter-level travel time spent in this place.
 C = Inter-level travel time spent in this place.
 D = Time resting spent in this place.
 E = Time spent auto-exploring this place.
 F = Levels seen in this place.
 G = Mean time per level.
                   A        B        C        D        E       F      G
               +--------+--------+--------+--------+--------+-----+--------+
         Total |    724 |    724 |      0 |      0 |    407 |   7 |  103.4 |
       Dungeon |    724 |    724 |      0 |      0 |    407 |   7 |  103.4 |
               +--------+--------+--------+--------+--------+-----+--------+

Top non-repeatable levels by time:
     D:1: 329 daAuts
     D:4: 188 daAuts
     D:5: 80 daAuts
     D:3: 40 daAuts
     D:7: 35 daAuts
     D:2: 33 daAuts
     D:6: 17 daAuts
